 Dungeon Crawl Stone Soup version 0.31.0-11-ge490571c62 (webtiles) character file.

Game seed: 2166644066096132883

112 qw the Shooter (level 4, -4/22 HPs)
             Began as a Spriggan Hunter on Feb 4, 2024.
             Killed by divine providence
             ... invoked by an orc priest
              (9 damage)
             ... on level 3 of the Dungeon.
             The game lasted 00:00:06 (1810 turns).

qw the Shooter (Spriggan Hunter)                    Turns: 1810, Time: 00:00:06

Health: -4/22      AC:  2    Str:  7    XL:     4   Next: 64%
Magic:  5/5        EV: 20    Int: 10    God:
Gold:   127        SH:  0    Dex: 20    Spells: 3/3 levels left

rFire   + . .        a - +0 shortbow
rCold   . . .        (shield currently unavailable)
rNeg    . . .        c - +0 robe
rPois   .            (helmet restricted)
rElec   .            (no cloak)
rCorr   +            (gloves unavailable)
SInv    +            (boots unavailable)
Will    .....        b - amulet of faith
Stlth   ++           f - ring of resist corrosion
HPRegen 0.23/turn    h - ring of protection from fire
MPRegen 0.09/turn

%: faith
@: very quick
A: very small, no large weapons, unfitting armour, see invisible, speed 3
a: no special abilities


You were on level 3 of the Dungeon.
You visited 1 branch of the dungeon, and saw 3 of its levels.

You collected 127 gold pieces.


Innate Abilities, Weirdness & Mutations

You are very small and have problems with some larger weapons.
You are too small for most types of armour.
You have supernaturally acute eyesight. (SInv)
You cover ground extremely quickly. (Speed+++)


   Skills:
 + Level 1.5 Fighting
 - Level 5.1 Ranged Weapons
 - Level 5.0 Dodging
 - Level 1.5 Stealth


You had 3 spell levels left.
You didn't know any spells.
Your spell library was empty.

Inventory:

Hand Weapons
 a - a +0 shortbow (weapon)
Armour
 c - a +0 robe (worn)
Jewellery
 b - an amulet of faith (around neck)
 f - a ring of resist corrosion (left hand)
 h - a ring of protection from fire (right hand)
Wands
 d - a wand of charming (3)
Potions
 e - a potion of enlightenment {unknown}
 g - a potion of attraction {unknown}
 i - a potion of curing {unknown}

Dungeon Overview and Level Annotations

Branches:
Dungeon (3/15)

Altars:


Message History

1794 ||| FLEEEEING.
1795 ||| FLEEEEING.
An orc wizard comes into view. It is wielding a +2 dagger of venom.
1796 ||| FLEEEEING.
1797 ||| FLEEEEING.
1798 ||| FLEEEEING.
You start resting.
An orc priest is nearby!
1800 ||| FLEEEEING.
A dart slug comes into view.
1801 ||| FLEEEEING.
You start resting.
An orc priest is nearby!
You shoot an arrow. The arrow barely misses the orc priest.
You shoot an arrow.
The arrow hits the orc priest but does no damage.
You shoot an arrow. The arrow barely misses the orc priest.
The arrow hits the orc wizard.
The orc wizard is moderately wounded.
You shoot an arrow. The arrow hits the orc priest.
The orc priest is lightly wounded.
The orc priest misses you.
You shoot an arrow.
The arrow hits the orc priest but does no damage.
The orc priest is lightly wounded.
The orc priest completely misses you.
The orc priest calls down the wrath of Beogh upon you.
Pain shoots through your body!
Ouch! That really hurt!
You shoot an arrow. The arrow hits the orc wizard!
The orc wizard is almost dead.
The orc wizard barely misses you.
An orc comes into view. It is wielding a +0 falchion.
The orc priest closely misses you.
You shoot an arrow.
The arrow closely misses the orc wizard.
The orc wizard barely misses you.
The orc priest invokes the aid of Beogh against you.
Beogh smites you!
You die...

....................#..#
......).###....#....#..##
........................ .
.............##.....#..# ..
....###.............#..##...
.. ......#.##.##..#..... #
##..####.##.##..#..###..#
.... #.................. ...
##....@...#..###..##.
.......oo............
###........#..###..##
#........#..###..#
..........o.......##.
..............o.oo....
..............####.##.
###.##.##.##.... ..
.w.............


You could see an orc priest, an orc wizard and an orc.

Vanquished Creatures
  Jessica (D:2)
  A gnoll (D:1)
  An adder (D:2)
  A dart slug (D:2)
  A ribbon worm (D:2)
  3 orcs (D:3)
  5 endoplasms
  4 giant cockroaches
  6 goblins
  9 hobgoblins
  3 quokkas
  4 ball pythons
  6 bats
  5 frilled lizards
  2 kobolds (D:1)
  6 rats
58 creatures vanquished.

Notes
Turn   | Place    | Note
-------+----------+-------------------------------------------
     0 | D:1      | qw the Spriggan Hunter began the quest for the Orb.
     0 | D:1      | Reached XP level 1. HP: 10/10 MP: 2/2
     0 | D:1      | 0 ||| qw: Version: 0.3-a-160-g6735b56
     0 | D:1      | 0 ||| qw: Game counter: 4578
     0 | D:1      | 0 ||| qw: Melee chars always use a shield: true
     0 | D:1      | 0 ||| qw: God list: Okawaru
     0 | D:1      | 0 ||| qw: Allow faded altars: false
     0 | D:1      | 0 ||| qw: Do Orc after clearing Dungeon:15 true
     0 | D:1      | 0 ||| qw: Do second Lair branch before Depths: true
     0 | D:1      | 0 ||| qw: Lair rune preference: random
     0 | D:1      | 0 ||| qw: Goals: Normal
     0 | D:1      | 0 ||| PLANNING D:1-11
    76 | D:1      | Reached skill level 3 in Dodging
   156 | D:1      | Reached XP level 2. HP: 11/14 MP: 3/3
   539 | D:1      | Reached XP level 3. HP: 18/18 MP: 4/4
   716 | D:1      | 716 ||| DROPPING +6 ring of intelligence.
   717 | D:1      | 717 ||| READING scroll labelled WIBROJE MOENN.
   718 | D:1      | 718 ||| READING scroll labelled RAOGIN MISHELI.
   819 | D:1      | 819 ||| DROPPING scroll of butterflies.
   898 | D:2      | Noticed Jessica
   902 | D:2      | Killed Jessica
   903 | D:2      | Reached XP level 4. HP: 22/22 MP: 5/5
  1438 | D:2      | 1438 ||| UPGRADING to amulet of faith.
  1443 | D:2      | 1443 ||| UPGRADING to ring of resist corrosion.
  1444 | D:2      | 1444 ||| DROPPING ring of wizardry.
  1445 | D:2      | 1445 ||| UPGRADING to ring of protection from fire.
  1446 | D:2      | 1446 ||| READING scroll labelled CALYIRPH ETED.
  1794 | D:3      | 1794 ||| FLEEEEING.
  1795 | D:3      | 1795 ||| FLEEEEING.
  1796 | D:3      | 1796 ||| FLEEEEING.
  1797 | D:3      | 1797 ||| FLEEEEING.
  1798 | D:3      | 1798 ||| FLEEEEING.
  1800 | D:3      | 1800 ||| FLEEEEING.
  1801 | D:3      | 1801 ||| FLEEEEING.
  1808 | D:3      | HP: 5/22 [orc priest/nerve-wracking pain (12)]
  1810 | D:3      | Killed from afar by an orc priest

Levels and vault maps discovered:
D:1:      roderic_chinese_lattice_arrival, layout_loops_ring
D:2:      layout_loops_cross, uniq_jessica
D:3:      layout_basic, minmay_misc_feat_encased, minivault_25,
          nicolae_shop_vocational

Skill      XL: |  1  2  3  4 |
---------------+-------------+-----
Dodging        | 3 4 5 |  5.0
Ranged Weapons | 5 |  5.1
Fighting       | |  1.5
Stealth        | |  1.5

Action                     |  1- 3 |  4- 6 || total
---------------------------+-------+-------++-------
   Fire: Shortbow          |    78 |    73 ||   151
    Use: Scroll            |     2 |     1 ||     3
 Armour: Robe              |     3 |     2 ||     5
  Dodge: Dodged            |    23 |    16 ||    39

Table legend:
 A = Non-vault XP
 B = Vault XP
 C = Vault XP percentage of total XP
 D = Non-vault monster count
 E = Vault monster count
 F = Vault count percentage of total count
                 A         B        C        D         E       F
            +---------+---------+-------+---------+---------+-------
      Total |     124 |      37 |  23.0 |      57 |       1 |   1.7
            +---------+---------+-------+---------+---------+-------
        D:1 |      53 |       0 |   0.0 |      26 |       0 |   0.0
        D:2 |      45 |      37 |  45.1 |      17 |       1 |   5.6
        D:3 |      26 |       0 |   0.0 |      14 |       0 |   0.0
            +---------+---------+-------+---------+---------+-------
